AoeStats
← JD

Arabia

513568393Analyzed
2v2 RM · 3d ago on Oct 14, 2026· 47m 6s· 4 players
Game mode
Random Map
Map size
Medium (4 player)
Population
200
Speed
Normal
Resources
Standard
Victory
Conquest
Starting age
Dark Age
Ending age
Imperial Age
RankedLock teamsTeams togetherTeam positionsShared explorationLock speedFull tech treeHidden civsTurbo modeCheats
Victory
Defeat
🇦🇺 Romans · Australia
1138
+12
🇦🇺 Shu · Australia
1110
+13
vs
🇦🇺 Magyars · Australia
1063
-13
🇦🇺 Ethiopians · Australia
1050
-12
keeperoftheden
4:27 Loom
4:33 Loom
9:38 Feudal Age
15:30 Horse Collar
15:47 Double-Bit Axe
16:21 Gold Mining
22:00 Castle Age
20:37 Scale Barding Armor
21:49 Bloodlines
22:33 Wheelbarrow
21:57 Stone Mining
23:04 Husbandry
23:20 Heavy Plow
25:06 Bow Saw
26:40 Chain Barding Armor
26:37 Town Watch
28:39 Gold Shaft Mining
29:49 Fletching
31:15 Masonry
30:43 Light Cavalry
32:18 Bodkin Arrow
35:31 Hand Cart
40:47 Imperial Age
40:41 Ballistics
42:39 Conscription
41:48 Cavalier
43:12 Plate Barding Armor
44:04 Chemistry
46:37 Bracer
gawkydesigns
7:07 Loom
10:10 Feudal Age
17:52 Castle Age
17:36 Fletching
18:53 Double-Bit Axe
24:18 Crossbowman
27:04 Bodkin Arrow
32:11 Wheelbarrow
32:02 Thumb Ring
32:58 Bow Saw
37:25 Ballistics
39:53 Murder Holes
JD
6:49 Loom
7:01 Loom
9:28 Feudal Age
9:44 Man-at-Arms
13:48 Double-Bit Axe
14:33 Horse Collar
20:37 Castle Age
18:54 Forging
18:44 Scale Mail Armor
19:27 Gold Mining
20:42 Pikeman
21:22 Squires
22:31 Bow Saw
25:54 Iron Casting
27:23 Wheelbarrow
27:34 Chain Mail Armor
30:10 Long Swordsman
33:20 Ballistas
34:07 Ballistics
43:09 Imperial Age
43:14 Heavy Scorpion
45:08 Blast Furnace
45:16 Chemistry
44:39 Siege Engineers
43:56 Halberdier
47:23 Hand Cart
mars
11:09 Feudal Age
11:28 Loom
15:14 Castle Age
15:27 Loom
17:04 Double-Bit Axe
22:17 Horse Collar
23:02 Fletching
24:25 Bow Saw
24:31 Heavy Plow
24:49 Bodkin Arrow
25:16 Gold Mining
26:16 Wheelbarrow
26:31 Thumb Ring
27:07 Ballistics
26:17 Pikeman
26:57 Squires
27:11 Padded Archer Armor
27:31 Scale Mail Armor
28:15 Hand Cart
30:09 Leather Archer Armor
30:10 Chain Mail Armor
30:06 Town Watch
35:56 Imperial Age
34:41 Forging
37:03 Gold Shaft Mining
36:42 Bolt Magazine
37:02 Conscription
36:15 Elite White Feather Guard
37:48 Conscription
39:18 Halberdier
40:08 Scale Barding Armor
40:05 Bracer
43:01 Husbandry
42:23 Light Cavalry
42:51 Gambesons
42:28 Man-at-Arms
44:51 Plate Mail Armor
44:51 Ring Archer Armor
45:26 Siege Engineers
45:34 Scale Barding Armor
46:33 Chemistry
45:31 Heavy Cavalry Archer
46:29 Coiled Serpent Array
46:57 Caravan
Connection lost

Rejoining the realm…

Still unreachable

The connection could not be restored.

Session expired

The server has moved on; the page needs a fresh start.